 Dungeon Crawl Stone Soup version 0.32-a0-42-ga30500b4d3 (webtiles) character file.

Game seed: 12275157525978460920

219 senseless the Charlatan (level 5, -7/26 HPs)
             Began as a Spriggan Artificer on Jan 29, 2024.
             Mangled by an ogre
             ... wielding a +0 giant club
              (27 damage)
             ... on level 4 of the Dungeon on Jan 30, 2024.
             The game lasted 00:10:19 (2942 turns).

senseless the Charlatan (Spriggan Artificer)        Turns: 2942, Time: 00:10:20

Health: -7/26      AC:  2    Str:  8    XL:     5   Next: 63%
Magic:  0/6        EV: 20    Int: 13    God:
Gold:   116        SH:  0    Dex: 23    Spells: 3/4 levels left

rFire   . . .        m - +1 whip (vamp)
rCold   . . .        (no shield)
rNeg    . . .        b - +0 robe
rPois   +            (helmet restricted)
rElec   .            (no cloak)
rCorr   .            (gloves unavailable)
SInv    +            (boots unavailable)
Will    .....        g - amulet of guardian spirit
Stlth   +++          o - +6 ring of dexterity
HPRegen 0.24/turn    f - ring of poison resistance
MPRegen 0.10/turn

%: guardian spirit
@: very slightly contaminated, very quick
A: very small, no large weapons, unfitting armour, see invisible, speed 3
a: no special abilities


You were on level 4 of the Dungeon.
You visited 1 branch of the dungeon, and saw 4 of its levels.

You collected 116 gold pieces.

Inventory:

Hand Weapons
 j - a +0 dagger
 m - a +1 vampiric whip (weapon)
 s - a +0 whip of venom
Missiles
 q - 2 stones (quivered)
Armour
 b - a +0 robe (worn)
Jewellery
 a - an amulet of the acrobat
 f - a ring of poison resistance (right hand)
 g - an amulet of guardian spirit (around neck)
 o - a +6 ring of dexterity (left hand)
Wands
 c - a wand of flame (10)
 d - a wand of charming (15)
 e - a wand of iceblast (5)
Scrolls
 i - 2 scrolls of teleportation {unknown}
 l - a scroll of blinking {unknown}
 p - 3 scrolls of identify {unknown}
Potions
 h - a potion of degeneration {unknown}
 k - 2 potions of lignification {unknown}
 n - a potion of ambrosia {unknown}


   Skills:
 + Level 2.1 Fighting
 + Level 2.1 Throwing
 + Level 4.6 Dodging
 + Level 4.1 Stealth
 + Level 5.1 Evocations


You had 3 spell levels left.
You knew the following spells:

 Your Spells              Type           Power      Damage    Failure   Level
a - Summon Small Mammal   Summ           0%         N/A       30%         1

Your spell library contained the following spells:

 Spells                   Type           Power      Damage    Failure   Level
 Call Canine Familiar     Summ           0%         N/A       67%         3
 Animate Armour           Summ/Erth      0%         N/A       97%         4
 Summon Blazeheart Golem  Fire/Summ      0%         N/A       97%         4
 Summon Lightning Spire   Summ/Air       0%         N/A       97%         4
 Lee's Rapid Deconstruct  Erth           0%         3d4*      100%        5


Dungeon Overview and Level Annotations

Branches:
Dungeon (4/15)
 Temple: D:4-7

Altars:

Shops:
D:1 (   D:2 (

Annotations:
D:3 2 runed translucent doors, MrCrawl's ghost, amateur DrFE


Innate Abilities, Weirdness & Mutations

You are very small and have problems with some larger weapons.
You are too small for most types of armour.
You have supernaturally acute eyesight. (SInv)
You cover ground extremely quickly. (Speed+++)


Message History

a +0 whip of venom; an orc corpse Unknown command.
You hit the bush but do no damage.
The ogre hits something with a +0 giant club.
s - a +0 whip of venom The ogre hits something with a +0 giant club!
Things that are here:
a +0 whip; an orc corpse The ogre hits the bush with a +0 giant club!!
Items here: )) [[ ††.
There is a stone staircase leading up here.
You start resting.
Magic restored.
You start resting.
An ogre is nearby!
You miscast Summon Small Mammal.
You are very lightly contaminated with residual magic.
Nothing appears to happen.
You throw a poisoned dart. The poisoned dart hits the ogre.
The ogre is poisoned.
You throw a poisoned dart. The poisoned dart hits the ogre.
The ogre looks even sicker.
The ogre is lightly wounded.
Your bat barely misses the ogre.
Your bat hits the ogre. You throw a poisoned dart.
The poisoned dart hits the ogre.
The ogre looks even sicker.
The ogre is lightly wounded.
Your bat hits the ogre. You throw a poisoned dart.
The poisoned dart hits the ogre.
The ogre is lightly wounded.
Your bat barely misses the ogre.
You throw a stone. The stone hits the ogre.
The ogre is moderately wounded.
Your bat hits the ogre. You hit the ogre but do no damage.
The ogre is moderately wounded.
Your bat barely misses the ogre.
The ogre hits you with a +0 giant club!!
Ouch! That really hurt!
You die...

... .# ... ####.#
.... +....
...<.#....
...#...# .....#
#.#.###+#
#.)@O...#
#.>.b...#
.#..)..()#######
#.......)((......
###.#...PPP(PPPPP
#.....P.......


###.$.PPPPP.PPP #).... ..PO. #...PP PP.P You could see an ogre (very poisoned,
ally target) and a friendly bat (summoned).

Vanquished Creatures
  An ogre (D:4)
  Terence (D:3)
  2 adders
  3 dart slugs
  A ribbon worm (D:2)
  5 orcs
  6 ball pythons
  10 bats
  7 endoplasms
  2 giant cockroaches
  3 goblins
  7 hobgoblins
  2 jackals (D:2)
  5 kobolds
  A quokka (D:2)
  6 frilled lizards
  11 rats
73 creatures vanquished.

Vanquished Creatures (collateral kills)
  A ball python (D:2)
1 creature vanquished.

Grand Total: 74 creatures vanquished

Notes
Turn   | Place    | Note
-------+----------+-------------------------------------------
     0 | D:1      | senseless the Spriggan Artificer began the quest for the
                  | Orb.
     0 | D:1      | Reached XP level 1. HP: 9/9 MP: 2/2
   113 | D:1      | Reached skill level 1 in Fighting
   143 | D:1      | Reached XP level 2. HP: 12/14 MP: 1/3
   252 | D:1      | Found Vinugau's Weapon Boutique.
   592 | D:1      | Reached skill level 1 in Throwing
   655 | D:1      | Reached XP level 3. HP: 18/18 MP: 4/4
  1034 | D:2      | Learned a level 1 spell: Summon Small Mammal
  1489 | D:2      | Found Vosiappi's Antique Weapon Shop.
  1608 | D:3      | Noticed Terence
  1642 | D:3      | Killed Terence
  1643 | D:3      | Reached XP level 4. HP: 9/22 MP: 1/5
  2627 | D:3      | Found a large runed translucent door.
  2627 | D:3      | Found a large runed translucent door.
  2628 | D:3      | Noticed MrCrawl's ghost (amateur DrFE)
  2846 | D:4      | Noticed an ogre
  2862 | D:4      | Killed an ogre
  2863 | D:4      | Reached skill level 5 in Evocations
  2863 | D:4      | Reached XP level 5. HP: 25/26 MP: 0/6
  2892 | D:4      | Noticed an ogre
  2942 | D:4      | Mangled by an ogre

Illustrated notes

Levels and vault maps discovered:
D:1:      dpeg_arrival_oval, layout_basic, serial_shops,
          nicolae_shop_bloodbath_and_beyond
D:2:      minmay_evil_eye, layout_basic, serial_shops, shop
D:3:      layout_loops_ring, ebering_ghost_disaster_area, uniq_terence
D:4:      minmay_inner_zag, layout_basic, lightli_temple_of_fire,
          nicolae_uskayaw_en_pointe, nemelex_altar_shiori, minmay_hedge_maze,
          kennysheep_generic_room_12, uniq_eustachio

Skill      XL: |  1  2  3  4 |
---------------+-------------+-----
Fighting       | 1 2 |  2.1
Stealth        | 2 3 4 |  4.1
Throwing       | 1 2 |  2.1
Dodging        | 4 |  4.6
Evocations     | 5 |  5.1

Action                     |  1- 3 |  4- 6 || total
---------------------------+-------+-------++-------
  Melee: Club              |    15 |       ||    15
         Whip              |   105 |   117 ||   222
         Dagger            |     4 |       ||     4
         Punch             |     2 |       ||     2
  Throw: Boomerang         |    65 |       ||    65
         Throwing net      |     2 |       ||     2
         Stone             |       |    45 ||    45
         Dart              |       |     4 ||     4
   Cast: Summon Small Mamm |     5 |     3 ||     8
  Evoke: Wand              |     5 |       ||     5
   Stab: Sleeping          |     3 |     3 ||     6
         Held in net/web   |     3 |       ||     3
         Distracted        |       |     2 ||     2
 Armour: Robe              |    33 |    35 ||    68
  Dodge: Dodged            |   119 |   106 ||   225

Table legend: (Time is in decaauts)
 A = Elapsed time spent in this place.
 B = Non-inter-level travel time spent in this place.
 C = Inter-level travel time spent in this place.
 D = Time resting spent in this place.
 E = Time spent auto-exploring this place.
 F = Levels seen in this place.
 G = Mean time per level.
                   A        B        C        D        E       F      G
               +--------+--------+--------+--------+--------+-----+--------+
         Total |   2128 |   2013 |    115 |     11 |   1405 |   4 |  532.0 |
       Dungeon |   2128 |   2013 |    115 |     11 |   1405 |   4 |  532.0 |
               +--------+--------+--------+--------+--------+-----+--------+

Top non-repeatable levels by time:
     D:3: 771 daAuts
     D:1: 641 daAuts
     D:2: 622 daAuts
     D:4: 93 daAuts
